 Dungeon Crawl Stone Soup version 0.27.1-34-g3ba077fa99 (webtiles) character file.

Game seed: 12984008419438672175

152 Romesagentofchaos the Conjurer (level 5, -6/40 HPs)
             Began as a Draconian Conjurer on Jan 25, 2022.
             Mangled by a mummy (15 damage)
             ... in an ossuary.
             The game lasted 00:08:44 (1480 turns).

Romesagentofchaos the Conjurer (Draconian Conjurer) Turns: 1480, Time: 00:08:45

Health: -6/40      AC:  5    Str: 10    XL:     5   Next: 11%
Magic:  2/8        EV: 12    Int: 19    God:
Gold:   64         SH:  0    Dex:  9    Spells: 3/9 levels left

rFire    . . .     SeeInvis .   f - +0 short sword (elec)
rCold    . . .     Faith    .   (no shield)
rNeg     . . .     Spirit   .   (armour unavailable)
rPois    .         Reflect  .   (helmet restricted)
rElec    .         Harm     .   (no cloak)
rCorr    .         Rampage  .   (no gloves)
Will     .....                  (no boots)
Stlth    ++........             (no amulet)
HPRegen  0.13/turn              c - +4 ring of slaying
MPRegen  0.11/turn              (no ring)

@: no status effects
A: AC +5, unfitting armour, cold-blooded, subdued magic 1
a: no special abilities


You were in an ossuary.
You visited 1 branch of the dungeon, and saw 3 of its levels.
You also visited: Ossuary.

You collected 64 gold pieces.

Inventory:

Hand Weapons
 a - a +0 dagger
 d - a +0 short sword of holy wrath
 f - a +0 short sword of electrocution (weapon)
Jewellery
 c - a +4 ring of slaying (left hand)
Scrolls
 g - a scroll of identify
 h - a scroll of fog {unknown}
Potions
 b - a potion of haste
 e - a potion of cancellation {unknown}


   Skills:
 + Level 1.2 Fighting
 + Level 1.8 Short Blades
 + Level 2.4 Dodging
 + Level 2.3 Stealth
 + Level 0.7 Unarmed Combat
 + Level 2.6 Spellcasting
 + Level 4.7 Conjurations


You had 3 spell levels left.
You knew the following spells:

 Your Spells              Type           Power      Damage    Failure   Level
a - Magic Dart            Conj           60%        1d6       1%          1
b - Searing Ray           Conj           30%        3d4       2%          2
c - Dazzling Flash        Conj/Hex       16%        N/A       16%         3

Your spell library contained the following spells:

 Spells                   Type           Power      Damage    Failure   Level
 Blink                    Tloc           N/A        N/A       21%         2
 Lesser Beckoning         Tloc           0%         N/A       38%         3
 Fulminant Prism          Conj/Hex       4%         3d6       47%         4
 Iskenderun's Mystic Bla  Conj/Tloc      8%         2d4       47%         4
 Passage of Golubria      Tloc           N/A        N/A       82%         4
 Manifold Assault         Tloc           1%         N/A       99%         5
 Silence                  Hex/Air        0%         N/A       99%         5
 Lehudib's Crystal Spear  Conj/Erth      4%         10d3      100%        8


Dungeon Overview and Level Annotations

Branches:
Dungeon (2/15)            Ossuary (1/1)

Altars:


Innate Abilities, Weirdness & Mutations

Your plain brown scales are hard. (AC +5)
You cannot fit into any form of body armour.
You are cold-blooded and may be slowed by cold attacks.
Your spells are a little easier to cast, but a little less powerful.


Message History

The centaur zombie kicks you but does no damage.
The centaur zombie barely misses you.
The centaur zombie kicks you but does no damage.
You hit the centaur zombie.
The centaur zombie is moderately damaged.
The centaur zombie barely misses you. The centaur zombie closely misses you.
You hit the centaur zombie.
Lightning courses through the centaur zombie!
The centaur zombie is severely damaged.
The centaur zombie misses you.
The centaur zombie kicks you but does no damage.
You completely miss the centaur zombie. You tail-slap the centaur zombie.
The centaur zombie is almost destroyed.
The centaur zombie barely misses you. The centaur zombie kicks you.
The mummy misses you. The centaur zombie misses you.
The centaur zombie kicks you.
You hit the centaur zombie.
Lightning courses through the centaur zombie!
You destroy the centaur zombie!
You have reached level 5!
You barely miss the mummy. You closely miss the mummy.
You tail-slap the mummy, but do no damage.
The mummy hits you but does no damage.
You hit the mummy.
The mummy is moderately damaged.
The mummy hits you!
* * * LOW HITPOINT WARNING * * *
You hit the mummy but do no damage.
You tail-slap the mummy, but do no damage.
The mummy is moderately damaged.
You hit the mummy.
The mummy is heavily damaged.
The mummy misses you.
You hit the mummy.
The mummy is severely damaged.
You hit the mummy.
The mummy is almost destroyed.
The mummy hits you!
You die...

##.........##
...........#
##.........##
#...........#
#.........#
........
#...# #M..#
##@..##
##.....##
#...∩...#
#.......#
#...∩...#
##.....##
##...## #####


You could see a mummy.

Vanquished Creatures
  A centaur zombie (Ossuary)
  An iguana (D:4)
  2 hound skeletons (D:4)
  A worm (D:4)
  A dart slug (D:1)
  9 orcs (D:4)
  10 endoplasms
  3 giant cockroaches
  4 goblins
  A hobgoblin (D:1)
  6 kobolds (D:1)
  2 quokkas
  5 ball pythons
  2 bats (D:1)
  2 frilled lizards (D:1)
  2 goblin zombies (Ossuary)
  A hobgoblin zombie (Ossuary)
  2 rats
55 creatures vanquished.

Notes
Turn   | Place    | Note
-------+----------+-------------------------------------------
     0 | D:1      | Romesagentofchaos the Draconian Conjurer began the quest
                  | for the Orb.
     0 | D:1      | Reached XP level 1. HP: 14/14 MP: 3/3
   104 | D:1      | Reached XP level 2. HP: 4/20 MP: 5/5
   112 | D:1      | Learned a level 2 spell: Searing Ray
   441 | D:1      | Found a faded altar of an unknown god.
   601 | D:1      | Gained mutation: You are frail. (-10% HP) [potion of
                  | mutation]
   601 | D:1      | Gained mutation: Your spells are a little easier to cast,
                  | but a little less powerful. [potion of mutation]
   601 | D:1      | Lost mutation: You are frail. (-10% HP) [potion of
                  | mutation]
   896 | D:1      | Reached XP level 3. HP: 25/26 MP: 6/6
  1121 | D:2      | Learned a level 3 spell: Dazzling Flash
  1268 | D:2      | You fall into a shaft and drop 2 floors!
  1369 | D:4      | Reached skill level 1 in Short Blades
  1369 | D:4      | Reached XP level 4. HP: 23/34 MP: 2/7
  1438 | D:4      | Reached skill level 1 in Fighting
  1447 | D:4      | Found a sand-covered staircase.
  1455 | Ossuary  | Entered an ossuary
  1473 | Ossuary  | Reached XP level 5. HP: 21/40 MP: 1/8
  1480 | Ossuary  | Mangled by a mummy

Illustrated notes

Levels and vault maps discovered:
D:1:      lightli_molten_gateway, layout_basic,
          hellmonk_ecumenical_altar_prayer_group
D:2:      layout_rooms, serial_shops, nicolae_shop_window_shopping, uniq_terence
D:4:      layout_loops_ring, mainiacjoe_overflow_paths, enter_ossuary_4,
          kennysheep_generic_room_4
Ossuary:  minmay_ossuary_gauntlet

Skill      XL: |  1  2  3  4 |
---------------+-------------+-----
Stealth        | 2 |  2.3
Dodging        | 2 |  2.4
Short Blades   | 1 |  1.8
Fighting       | 1 |  1.2
Unarmed Combat | |  0.7
Spellcasting   | |  2.6
Conjurations   | |  4.7

Action                   |  1- 3 |  4- 6 || total
-------------------------+-------+-------++-------
Melee: Unarmed           |    18 |       ||    18
       Dagger            |    32 |       ||    32
       Short sword       |    42 |    21 ||    63
       Tailslap          |     5 |     5 ||    10
 Cast: Magic Dart        |    39 |     7 ||    46
       Searing Ray       |     1 |       ||     1
  Use: Scroll            |     3 |       ||     3
       Potion            |     1 |       ||     1
 Stab: Sleeping          |     1 |       ||     1
Armor: Skin              |    29 |     8 ||    37
Dodge: Dodged            |    52 |    14 ||    66
